AoeStats
← Sujiner

Fortress

510050153Analyzed
4v4 RM · 4d ago on Sep 29, 2026· 66m 28s· 8 players
Game mode
Random Map
Map size
Huge
Population
200
Speed
Normal
Resources
Standard
Victory
Conquest
Starting age
Dark Age
Ending age
Imperial Age
RankedLock teamsTeams togetherTeam positionsShared explorationLock speedFull tech treeHidden civsTurbo modeCheats
Victory
Defeat
🇨🇳 Spanish · China
1124
+19
🇹🇼 Slavs · Taiwan
1122
+19
🇺🇸 Bohemians · United States
1095
+20
🇹🇷 Italians · Türkiye
1089
+20
🇨🇳 Varangians · China
1481
-29
🇨🇳 Danes · China
1219
-22
🇨🇳 Poles · China
1098
-16
🇨🇳 Saracens · China
975
-31
Re1gn
6:59 Feudal Age
8:52 Double-Bit Axe
11:37 Castle Age
10:04 Horse Collar
11:57 Wheelbarrow
15:20 Gold Mining
15:44 Town Watch
15:52 Loom
21:15 Hand Cart
25:28 Imperial Age
23:01 Fletching
23:37 Padded Archer Armor
24:12 Bodkin Arrow
25:43 Leather Archer Armor
25:50 Ballistics
27:11 Chemistry
27:10 Elite Genoese Crossbowman
28:13 Conscription
28:14 Bracer
30:07 Thumb Ring
38:01 Bow Saw
44:34 Caravan
51:39 Fortified Wall
54:08 Two-Man Saw
55:25 Pirotechnia
57:45 Masonry
57:16 Treadmill Crane
popibo
7:13 Feudal Age
5:29 Loom
11:03 Double-Bit Axe
13:39 Castle Age
13:08 Horse Collar
16:29 Wheelbarrow
16:21 Bow Saw
19:53 Bloodlines
20:00 Heavy Plow
22:49 Gold Mining
22:50 Stone Mining
27:48 Imperial Age
25:40 Hand Cart
25:30 Detinets
25:35 Husbandry
26:31 Scale Barding Armor
26:27 Scale Mail Armor
26:38 Forging
27:52 Gold Shaft Mining
27:41 Chain Barding Armor
28:54 Iron Casting
28:03 Elite Boyar
29:07 Conscription
29:49 Plate Barding Armor
30:35 Two-Man Saw
30:08 Crop Rotation
30:54 Fortified Wall
32:17 Blast Furnace
33:05 Murder Holes
33:23 Masonry
35:07 Light Cavalry
37:31 Caravan
37:54 Hussar
38:13 Pikeman
38:54 Squires
39:06 Druzhina
40:48 Fletching
45:40 Scale Mail Armor
45:50 Halberdier
47:26 Chain Mail Armor
47:07 Bodkin Arrow
48:59 Plate Mail Armor
48:26 Bodkin Arrow
56:54 Man-at-Arms
59:07 Long Swordsman
59:44 Two-Handed Swordsman
chocotastic
4:58 Loom
7:39 Feudal Age
12:08 Castle Age
11:28 Padded Archer Armor
11:30 Double-Bit Axe
11:28 Horse Collar
14:05 Fletching
14:27 Wagenburg Tactics
15:54 Leather Archer Armor
19:19 Bow Saw
19:56 Fervor
21:48 Sanctity
22:28 Wheelbarrow
22:53 Ballistics
22:52 Town Watch
23:29 Guard Tower
24:05 Fortified Wall
29:58 Imperial Age
28:05 Bodkin Arrow
29:31 Pikeman
30:13 Squires
30:11 Halberdier
31:17 Conscription
32:06 Scale Mail Armor
32:50 Arson
33:59 Forging
37:15 Elite Hussite Wagon
38:09 Hussite Reforms
38:28 Chain Mail Armor
40:09 Plate Mail Armor
39:20 Elite Skirmisher
43:11 Iron Casting
46:18 Blast Furnace
46:05 Murder Holes
49:06 Ring Archer Armor
50:57 Caravan
51:27 Coinage
54:28 Chemistry
53:37 Siphons
53:51 Masonry
54:58 Scale Barding Armor
57:06 Chain Barding Armor
57:50 Guilds
63:45 Heavy Plow
64:48 Two-Man Saw
64:21 Sappers
三脚猫功夫
6:54 Feudal Age
11:22 Castle Age
9:32 Double-Bit Axe
9:45 Horse Collar
10:33 Gold Mining
19:04 Wheelbarrow
18:24 Loom
24:05 Imperial Age
22:24 Bow Saw
22:57 Bloodlines
22:49 Husbandry
23:44 Heavy Plow
23:43 Stone Mining
24:34 Cavalier
26:03 Conscription
28:23 Forging
30:15 Iron Casting
30:31 Scale Barding Armor
32:55 Blast Furnace
36:41 Inquisition
37:55 Supremacy
37:39 Caravan
37:59 Fortified Wall
37:47 Murder Holes
38:03 Masonry
37:48 Murder Holes
39:16 Two-Man Saw
40:45 Chemistry
40:06 Ballistics
41:44 Chain Barding Armor
43:10 Plate Barding Armor
42:45 Light Cavalry
44:44 Hand Cart
47:20 Guilds
48:35 Hoardings
48:50 Padded Archer Armor
48:44 Hussar
49:59 Leather Archer Armor
52:56 Ring Archer Armor
52:18 Fletching
56:27 Coinage
56:16 Scale Mail Armor
59:37 Bodkin Arrow
59:44 Elite Conquistador
63:49 Bracer
Sujiner
9:30 Feudal Age
9:07 Loom
13:46 Castle Age
13:39 Gold Mining
13:42 Double-Bit Axe
13:53 Gold Mining
16:52 Stone Mining
18:27 Forging
18:22 Scale Barding Armor
18:29 Scale Barding Armor
21:03 Wheelbarrow
23:09 Chain Barding Armor
22:49 Light Cavalry
23:43 Bloodlines
23:36 Husbandry
24:12 Light Cavalry
25:05 Bloodlines
24:49 Fletching
25:10 Forging
26:16 Horse Collar
28:04 Bimaristan
30:56 Iron Casting
30:40 Hand Cart
35:28 Imperial Age
35:32 Hand Cart
36:36 Conscription
35:36 Elite Mameluke
35:45 Elite Mameluke
37:03 Heavy Camel Rider
37:59 Caravan
43:40 Blast Furnace
43:15 Plate Barding Armor
52:24 Fortified Wall
60:15 Chemistry
59:37 Ballistics
59:45 Fletching
59:56 Padded Archer Armor
59:26 Elite Skirmisher
60:13 Thumb Ring
64:04 Bodkin Arrow
64:24 Leather Archer Armor
NorthOrigin
7:06 Feudal Age
10:55 Castle Age
9:21 Double-Bit Axe
9:17 Horse Collar
12:11 Bow Saw
20:40 Wheelbarrow
21:01 Loom
21:19 Gold Mining
24:32 Imperial Age
23:02 Scale Barding Armor
22:26 Vendel Legacy
24:23 Bloodlines
24:15 Husbandry
24:40 Chain Barding Armor
24:34 Cavalier
25:39 Conscription
26:26 Plate Barding Armor
26:03 Forging
29:25 Iron Casting
33:34 Pikeman
34:15 Squires
35:18 Blast Furnace
34:19 Scale Mail Armor
34:35 Halberdier
37:04 Light Cavalry
38:03 Chain Mail Armor
37:58 Hussar
41:10 Plate Mail Armor
40:05 Elite Varangian Guard
40:35 Gambesons
41:06 Gothikon
44:47 Capped Ram
48:00 Caravan
48:20 Siege Ram
51:48 Fletching
53:15 Elite Skirmisher
53:56 Bodkin Arrow
56:50 Bracer
57:57 Padded Archer Armor
58:19 Ballistics
60:31 Chemistry
61:47 Leather Archer Armor
65:18 Town Watch
Why
7:23 Feudal Age
8:52 Double-Bit Axe
11:09 Castle Age
9:15 Horse Collar
13:43 Heavy Plow
18:31 Wheelbarrow
18:22 Bow Saw
18:51 Loom
20:48 Gold Mining
22:23 Hand Cart
24:51 Imperial Age
23:04 Town Watch
23:05 Light Cavalry
23:56 Bloodlines
23:46 Husbandry
23:52 Scale Barding Armor
24:24 Forging
24:44 Szlachta Privileges
25:19 Forging
25:30 Chain Barding Armor
25:58 Coinage
25:54 Lechitic Legacy
25:54 Conscription
25:07 Winged Hussar
26:34 Caravan
28:00 Crop Rotation
27:23 Stone Mining
28:27 Iron Casting
30:03 Town Patrol
30:58 Banking
31:55 Blast Furnace
30:57 Capped Ram
36:51 Padded Archer Armor
37:13 Siege Ram
38:55 Elite Obuch
39:36 Scale Mail Armor
41:17 Chain Mail Armor
41:19 Treadmill Crane
44:50 Plate Mail Armor
46:37 Siege Engineers
愛言葉
8:07 Feudal Age
11:52 Castle Age
9:55 Double-Bit Axe
13:37 Bow Saw
14:01 Fletching
14:48 Loom
17:44 Wheelbarrow
18:04 Town Watch
21:01 Elite Skirmisher
21:54 Horse Collar
26:10 Imperial Age
24:56 Bodkin Arrow
25:24 Scale Mail Armor
25:36 Gold Mining
27:02 Chain Mail Armor
28:41 Bracer
28:36 Hamask
29:46 Elite Varangian Guard
31:38 Plate Mail Armor
32:10 Forging
32:22 Conscription
32:13 Heavy Plow
32:24 Squires
32:46 Pikeman
34:58 Gold Shaft Mining
34:30 Squires
35:58 Iron Casting
36:10 Arson
37:47 Blast Furnace
36:11 Halberdier
38:07 Hand Cart
37:45 Stone Mining
38:46 Capped Ram
40:14 Siege Ram
47:24 Padded Archer Armor
50:35 Leather Archer Armor
52:08 Chemistry
52:41 Ballistics
Connection lost

Rejoining the realm…

Still unreachable

The connection could not be restored.

Session expired

The server has moved on; the page needs a fresh start.